 Dungeon Crawl Stone Soup version 0.30-a0-596-g0af90f9a20 (webtiles) character file.

Game seed: 6473734286735191670

21 spardeous the Ducker (level 2, 0/11 HPs)
             Began as a Felid Earth Elementalist on Jan 7, 2023.
             Killed by divine providence
             ... invoked by an orc priest
              (11 damage)
             ... on level 3 of the Dungeon.
             The game lasted 00:00:55 (621 turns).

spardeous the Ducker (Felid Earth Elementalist)      Turns: 621, Time: 00:00:56

Health: 0/11       AC:  1    Str:  4    XL:     2   Next: 65%
Magic:  4/6        EV: 18    Int: 16    God:
Gold:   48         SH:  0    Dex: 16    Spells: 4/5 levels left
                                        Lives:  0   Deaths: 0

rFire   . . .      SeeInvis +    (weapon unavailable)
rCold   . . .      Faith    .    (shield unavailable)
rNeg    . . .      Spirit   .    (body armour unavailable)
rPois   .          Reflect  .    (helmet unavailable)
rElec   .          Harm     .    (cloak unavailable)
rCorr   .          Rampage  .    (gloves unavailable)
Will    .....                    (boots unavailable)
Stlth   ++                       (no amulet)
HPRegen 0.21/turn                i - ring of flight
MPRegen 0.10/turn                (no ring)

@: flying, quick
A: very small, claws 1, fangs 3, see invisible, speed 1, shaggy fur 1, stealthy
paws, no weapons or thrown items, no armour, multi-lived
a: no special abilities


You were on level 3 of the Dungeon.
You visited 1 branch of the dungeon, and saw 3 of its levels.

You collected 48 gold pieces.

Inventory:

Jewellery
 d - a ring of fire
 i - a ring of flight (left paw)
Scrolls
 c - a scroll of fog {unknown}
 e - 2 scrolls of identify {unknown}
 k - a scroll of butterflies {unknown}
Potions
 a - a potion of magic
 b - a potion of attraction {unknown}
 f - 3 potions of curing {unknown}
 g - a potion of cancellation {unknown}
 h - a potion of degeneration {unknown}
 j - a potion of mutation {unknown}


   Skills:
 + Level 3.6 Dodging
 - Level 2.6 Stealth
 - Level 2.0 Spellcasting
 - Level 1.1 Transmutations
 + Level 3.2 Earth Magic


You had 4 spell levels left.
You knew the following spells:

 Your Spells              Type           Power      Damage    Failure   Level
a - Sandblast             Erth           22%        2d7       5%          1

Your spell library contained the following spells:

 Spells                   Type           Power      Damage    Failure   Level
 Passwall                 Tmut/Erth      6%         N/A       13%         2
 Stone Arrow              Conj/Erth      12%        3d7       32%         3
 Ozocubu's Armour         Ice            1%         N/A       52%         3
 Petrify                  Tmut/Erth      8%         N/A       65%         4
 Ozocubu's Refrigeration  Ice            0%         4d7       100%        7


Dungeon Overview and Level Annotations

Branches:
Dungeon (3/15)

Altars:


Innate Abilities, Weirdness & Mutations

You have sharp claws.
You have razor-sharp teeth.
You have supernaturally acute eyesight. (SInv)
You cover ground quickly. (Speed+)
You are covered in fur. (AC +1)
Your paws help you pounce on unaware monsters.
You are incapable of wielding weapons or throwing items.
You cannot wear armour.
You gain extra lives every three experience levels.


Message History

Press: ? - help, Shift-Dir - straight line, f - goblin
Aim: a goblin, wielding a +0 dagger (77% to hit)
The blast of sand hits the goblin!
You kill the goblin!
Magic restored.
You now have 32 gold pieces (gained 10).
j - a sedimented white potion You can't see any susceptible monsters within range! (Use Z to cast anyway.)
k - a scroll labelled PELIMO NURY
f - 3 sedimented blue potions (gained 2)
Found a ring mail.
Found a ring mail.
Found 5 stones.
Found a stone staircase leading up.
Found a stone staircase leading down.
You now have 48 gold pieces (gained 16).
An orc priest comes into view. It is wielding a +1 dagger of speed.
An orc priest is nearby!
An orc comes into view. It is wielding a +0 whip.
The orc moves out of view.
Casting: Sandblast (safe; 5% risk of failure)
Confirm with . or Enter, or press ? or * to list all spells.
Aiming: Sandblast (safe; 5% risk of failure)
Press: ? - help, Shift-Dir - straight line, f - orc priest
Aim: an orc priest, wielding a +1 dagger of speed (82% to hit)
The blast of sand hits the orc priest!
The orc priest is heavily wounded.
An orc priest comes into view. It is wielding a +0 dagger.
Casting: Sandblast (safe; 5% risk of failure)
Confirm with . or Enter, or press ? or * to list all spells.
Aiming: Sandblast (safe; 5% risk of failure)
Press: ? - help, Shift-Dir - straight line, f/p - orc priest
Aim: an orc priest, wielding a +1 dagger of speed (heavily wounded, 82% to hit)
The blast of sand hits the orc priest.
The orc priest is almost dead.
The orc priest shouts!
You hear a shout! x2
The orc priest looks encouraged for a moment.
The orc priest invokes the aid of Beogh against you.
Beogh smites you!
Ouch! That really hurt!
You die...

###.##...##...#
...####....### .#.o
##### ###...[#
###.#.. .
####.##.###....... #.
##.....>.....#...
##.###.....##....#.o.
#.......########...#
..##...## #......o#
###..# #.....@.#
#....####......##
#..#............#
...###.###.......#..#
... ...# #.###...#..#
## ###.....#
..#.##..#
#....##..##..#...#
..#.. #.. ...# ...
.#### ... ... ..


You could see 2 orc priests and an orc.

Vanquished Creatures
  A ball python (D:2)
  3 endoplasms
  3 goblins
  2 hobgoblins
  5 quokkas
  A bat (D:2)
  2 frilled lizards
17 creatures vanquished.

Notes
Turn   | Place    | Note
-------+----------+-------------------------------------------
     0 | D:1      | spardeous the Felid Earth Elementalist began the quest for
                  | the Orb.
     0 | D:1      | Reached XP level 1. HP: 7/7 MP: 4/4
   151 | D:1      | Reached XP level 2. HP: 11/11 MP: 4/6
   418 | D:2      | Found a faded altar of an unknown god.
   621 | D:3      | Killed from afar by an orc priest

Illustrated notes

Levels and vault maps discovered:
D:1:      lightli_arrival_chessboard, layout_basic, serial_curves,
          eino_curves_02, eino_curves_02, minmay_misc_feat_plants
D:2:      wander_river, layout_basic, ebering_ecumenical_altar_rust,
          chequers_mini_garden, reono_crystal_passage, kennysheep_generic_room_6
D:3:      layout_rooms, lemuel_doored_altar, gammafunk_ghost_icy,
          minmay_increasing_density

Skill      XL: |  1 |
---------------+----+-----
Dodging        | 3 |  3.6
Earth Magic    | 3 |  3.2
Stealth        | |  2.6
Spellcasting   | |  2.0
Transmutations | |  1.1

Action                   || total
-------------------------++-------
 Cast: Sandblast         ||    25
Dodge: Dodged            ||     4

Table legend: (Time is in decaauts)
 A = Elapsed time spent in this place.
 B = Non-inter-level travel time spent in this place.
 C = Inter-level travel time spent in this place.
 D = Time resting spent in this place.
 E = Time spent auto-exploring this place.
 F = Levels seen in this place.
 G = Mean time per level.
                   A        B        C        D        E       F      G
               +--------+--------+--------+--------+--------+-----+--------+
         Total |    560 |    538 |     22 |      0 |    450 |   3 |  186.7 |
       Dungeon |    560 |    538 |     22 |      0 |    450 |   3 |  186.7 |
               +--------+--------+--------+--------+--------+-----+--------+

Top non-repeatable levels by time:
     D:2: 261 daAuts
     D:1: 221 daAuts
     D:3: 77 daAuts
